 Dungeon Crawl Stone Soup version 0.31.0-12-g77e489cdc1 (webtiles) character file.

Game seed: 12971587827869907139

34 ChadusMaximus the Caller (level 3, 0/26 HPs)
             Began as a Barachi Summoner on Mar 6, 2024.
             Slain by a cerulean imp
             ... wielding a +0 spear
             ... summoned by Natasha
              (2 damage)
             ... on level 2 of the Dungeon.
             The game lasted 00:01:13 (995 turns).

ChadusMaximus the Caller (Barachi Summoner)          Turns: 995, Time: 00:01:13

Health: 0/26       AC:  2    Str:  9    XL:     3   Next: 31%
Magic:  1/7        EV: 13    Int: 17    God:
Gold:   63         SH:  0    Dex: 18    Spells: 1/7 levels left

rFire   . . .        f - +0 mace
rCold   . . .        (no shield)
rNeg    . . .        a - +0 robe
rPois   .            (no helmet)
rElec   .            (no cloak)
rCorr   .            (no gloves)
SInv    .            (no boots)
Will    .....        (no amulet)
Stlth   ++           c - +6 ring of dexterity
HPRegen 0.24/turn    (no ring)
MPRegen 0.10/turn

%: no passive effects
@: unable to hop, inugami summoned, slow
A: amphibious, slowness 1, strong legs 1, +LOS
a: Hop


You were on level 2 of the Dungeon.
You visited 1 branch of the dungeon, and saw 2 of its levels.

You collected 63 gold pieces.

Inventory:

Hand Weapons
 d - a +0 club
 f - a +0 mace (weapon)
Armour
 a - a +0 robe (worn)
Jewellery
 c - a +6 ring of dexterity (left hand)
Scrolls
 g - 2 scrolls of enchant weapon {unknown}
 h - 2 scrolls of identify {unknown}
 i - a scroll of teleportation {unknown}
Potions
 b - a potion of magic
 e - a potion of enlightenment {unknown}


   Skills:
 + Level 1.2 Fighting
 - Level 2.3 Dodging
 - Level 1.9 Stealth
 + Level 2.6 Spellcasting
 * Level 5.4 Summonings


You had one spell level left.
You knew the following spells:

 Your Spells              Type           Power      Damage    Failure   Level
a - Summon Small Mammal   Summ           80%        N/A       1%          1
b - Call Canine Familiar  Summ           20%        N/A       6%          3
c - Call Imp              Summ           40%        N/A       3%          2

Your spell library contained the following spells:

 Spells                   Type           Power      Damage    Failure   Level
 Summon Blazeheart Golem  Fire/Summ      11%        N/A       52%         4
 Summon Lightning Spire   Summ/Air       11%        N/A       52%         4


Dungeon Overview and Level Annotations

Branches:
Dungeon (2/15)

Altars:

Annotations:
D:2 Natasha


Innate Abilities, Weirdness & Mutations

You are amphibious.
You cover ground slowly.
You can hop short distances.
You have an extended range of vision and can be seen from far away.


Message History

Natasha, Servant of Life and Death comes into view.
Natasha hisses angrily.
Natasha claws you.
Natasha is nearby!
You hit Natasha but do no damage. Natasha closely misses you.
Natasha misses you.
Natasha is nearby!
You closely miss Natasha. Natasha claws you.
Natasha is nearby!
You hit Natasha but do no damage. Natasha claws you.
Natasha claws you but does no damage.
Casting: Call Imp (safe; 3% risk of failure)
Confirm with . or Enter, or press ? or * to list all spells.
You call for your canine familiar and it appears with a howl!
Natasha stares at you and mumbles some strange words.
The magic dart hits you!
Casting: Call Canine Familiar (quite dangerous; 6% risk of failure)
Confirm with . or Enter, or press ? or * to list all spells.
A tiny devil pulls itself out of the air.
Your inugami closely misses Natasha.
Natasha mumbles some strange words.
Your cerulean imp hits Natasha but does no damage.
Your inugami hits Natasha.
Natasha stares at you and mumbles some strange words.
The magic dart hits you!
* * * LOW HITPOINT WARNING * * *
Unknown command.
Hop to where?
Press: ? - help, Dir - move target Boing!
Something claws your cerulean imp.
Casting: Call Imp (safe; 3% risk of failure)
Confirm with . or Enter, or press ? or * to list all spells.
The cerulean imp misses you.
Your cerulean imp hits Natasha but does no damage.
Natasha closely misses your cerulean imp.
Your inugami hits Natasha.
Your cerulean imp hits Natasha with a -2 spear.
The cerulean imp attacks as it pursues you!
The cerulean imp hits you from afar with a +0 spear.
You die...

.# #########.# #.. .# ########
#.# #.####.... .......#
#.####h.h...... ######.#
#..##5h........ ..# #.#
##.##.#############..# #.#
#.##..#.P.#.#...#...# #.#
#.##5r#.#.#.#.#.#[..# #.#
#.##...P..P.P..PP... ######.#
#.##@.#.#.#.#.#.#..# .......#
#.....#.P.#_#.P.#..##
.####.#########...#.#.#.#.#.#....
.# #.###......[....P..P.PP....#.
.# #.#........#..#.#.#P#.#.#....
.####<#.#.####.#..#...#.#...#....
...............#.#############..#
..###.##.........................
..# #.##.......##.#.#.######.##.#


You could see Natasha (distracted, ally target), a cerulean imp (summoned, ally
target), a friendly cerulean imp (summoned), a friendly inugami (summoned) and a
friendly rat (summoned).

Vanquished Creatures
  2 dart slugs (D:1)
  4 bats (D:1)
  2 endoplasms
  2 hobgoblins (D:1)
  3 kobolds (D:1)
  2 ball pythons (D:1)
  2 rats (D:1)
17 creatures vanquished.

Vanquished Creatures (collateral kills)
  2 endoplasms (D:1)
  A giant cockroach (D:1)
  A goblin (D:1)
  4 jackals (D:2)
  A kobold (D:1)
9 creatures vanquished.

Grand Total: 26 creatures vanquished

Notes
Turn   | Place    | Note
-------+----------+-------------------------------------------
     0 | D:1      | ChadusMaximus the Barachi Summoner began the quest for the
                  | Orb.
     0 | D:1      | Reached XP level 1. HP: 13/13 MP: 3/3
   101 | D:1      | Reached skill level 5 in Summonings
   101 | D:1      | Reached XP level 2. HP: 19/19 MP: 5/5
   446 | D:1      | Reached skill level 1 in Fighting
   452 | D:1      | Reached XP level 3. HP: 21/26 MP: 6/6
   663 | D:1      | Learned a level 3 spell: Call Canine Familiar
   666 | D:1      | Learned a level 2 spell: Call Imp
   788 | D:2      | Found a faded altar of an unknown god.
   984 | D:2      | Noticed Natasha
   991 | D:2      | HP: 1/26 [Natasha/magic dart (8)]
   995 | D:2      | Slain by a cerulean imp

Illustrated notes

Levels and vault maps discovered:
D:1:      lightli_arrival_noodles, layout_basic, serial_bayou_pond_d,
          minmay_distorted
D:2:      layout_loops_ring, shapermc_ecumenical_altar_mp_urbaneastern,
          uniq_natasha

Skill      XL: |  1  2 |
---------------+-------+-----
Summonings     | 5 |  5.4
Fighting       | 1 |  1.2
Dodging        | |  2.3
Stealth        | |  1.9
Spellcasting   | |  2.6

Action                     || total
---------------------------++-------
  Melee: Club              ||    29
         Mace              ||    44
         Punch             ||     1
   Cast: Summon Small Mamm ||     8
         Call Imp          ||     2
         Call Canine Famil ||     2
Ability: Hop               ||     1
   Stab: Sleeping          ||     2
 Armour: Robe              ||    47
  Dodge: Dodged            ||    68
